 Dungeon Crawl Stone Soup version 0.28.0 (webtiles) character file.

Game seed: 9177455478370408415

86 zeram the Poker (level 4, -10/35 HPs)
             Began as a Merfolk Fighter on Feb 4, 2022.
             Mangled by a gnoll (11 damage)
             ... on level 3 of the Dungeon.
             The game lasted 00:02:18 (1731 turns).

zeram the Poker (Merfolk Fighter)                   Turns: 1731, Time: 00:02:19

Health: -10/35     AC:  7    Str: 16    XL:     4   Next: 50%
Magic:  4/4        EV:  8    Int:  9    God:
Gold:   100        SH:  5    Dex: 13    Spells: 3/3 levels left

rFire   . . .      SeeInvis .   a - +0 trident
rCold   . . .      Faith    .   c - +0 buckler
rNeg    . . .      Spirit   .   b - +0 scale mail
rPois   .          Reflect  .   (no helmet)
rElec   .          Harm     .   (no cloak)
rCorr   .          Rampage  .   (no gloves)
Will    .....                   e - +0 pair of boots
Stlth   ..........              (no amulet)
HPRegen 0.11/turn               (no ring)
MPRegen 0.09/turn               (no ring)

@: mighty
A: (nimble swimmer 2), mertail
a: no special abilities


You were on level 3 of the Dungeon.
You visited 1 branch of the dungeon, and saw 3 of its levels.

You collected 100 gold pieces.

Inventory:

Hand Weapons
 a - a +0 trident (weapon)
Armour
 b - a +0 scale mail (worn)
 c - a +0 buckler (worn)
 e - a +0 pair of boots (worn)
Scrolls
 h - a scroll of teleportation {unknown}
Potions
 f - a potion of magic {unknown}
 g - 2 potions of mutation {unknown}


   Skills:
 - Level 3.2 Fighting
 + Level 5.4 Polearms
 - Level 2.1 Armour
 + Level 0.2 Dodging
 + Level 4.0 Shields


You had 3 spell levels left.
You didn't know any spells.
Your spell library contained the following spells:

 Spells                   Type           Power      Damage    Failure   Level
 Sandblast                Erth           0%         2d4       88%         1
 Passwall                 Tmut/Erth      0%         N/A       96%         2
 Conjure Flame            Conj/Fire      0%         6-21      99%         3
 Ignite Poison            Fire/Tmut/Pois 0%         N/A       99%         3
 Stone Arrow              Conj/Erth      0%         3d7       99%         3
 Sticky Flame             Conj/Fire      0%         2d3       100%        4


Dungeon Overview and Level Annotations

Branches:
Dungeon (3/15)

Altars:

Shops:
D:1 :


Innate Abilities, Weirdness & Mutations

((You are very nimble when in or above water. (Stealth+, EV+, Speed+++)))
Your lower body shifts to a powerful aquatic tail in water.


Message History

The gnoll hits you from afar with a +0 halberd.
You block the gnoll's attack.
You barely miss the gnoll.
The gnoll is almost dead.
The gnoll shouts!
The gnoll hits you but does no damage. The gnoll barely misses you.
The gnoll hits you with a +1 vorpal flail.
You puncture the gnoll!
You kill the gnoll!
The gnoll hits you from afar with a +0 spear.
The gnoll hits you but does no damage.
The gnoll hits you from afar with a +0 spear.
The gnoll hits you but does no damage.
There is a stone staircase leading down here.
You see here a ball python corpse.
The gnoll enters a dispersal trap!
The gnoll blinks! x4; You blink.
The gnoll blinks!
You block the gnoll's attack. The gnoll hits you but does no damage.
You see here a bat corpse.
You puncture the gnoll!
The gnoll is severely wounded.
The gnoll hits you from afar with a +0 spear.
* * * LOW HITPOINT WARNING * * *
The gnoll hits you with a +0 club.
* * * LOW HITPOINT WARNING * * *
You feel very mighty all of a sudden. The gnoll hits you but does no damage.
You block the gnoll's attack.
You impale the gnoll!!
You kill the gnoll!
The gnoll hits you from afar with a +0 spear.
* * * LOW HITPOINT WARNING * * *
The gnoll closely misses you.
Reach: a) +0 trident
Press: ? - help, Dir - move target, f - gnoll
Aim: a gnoll, wielding a +0 halberd (about 37% to evade your +0 trident)
You reach to attack!
You puncture the gnoll!
The gnoll is almost dead.
The gnoll closely misses you.
The gnoll hits you from afar with a +0 halberd!
You die...

# #. ..##.####
.........#####
..............######
..............g...<#
#..........^).######
#..........g.@# ##
#...........)#
...##............#
..g).............###
.g.##.#.#..........#
.. ##.#.#..........#
. #...>...........#
#...............#
#...............#


You could see 2 gnolls.

Vanquished Creatures
  2 gnolls (D:3)
  An adder (D:2)
  4 worms (D:2)
  4 orcs
  A bat (D:3)
  7 endoplasms
  A giant cockroach (D:2)
  A goblin (D:2)
  3 kobolds
  3 quokkas
  8 ball pythons
  2 frilled lizards (D:2)
  6 rats
43 creatures vanquished.

Notes
Turn   | Place    | Note
-------+----------+-------------------------------------------
     0 | D:1      | zeram the Merfolk Fighter began the quest for the Orb.
     0 | D:1      | Reached XP level 1. HP: 18/18 MP: 1/1
   109 | D:1      | Found Romuz's Book Boutique.
   123 | D:1      | Reached XP level 2. HP: 16/24 MP: 2/2
   223 | D:1      | Found a faded altar of an unknown god.
   797 | D:2      | Reached XP level 3. HP: 26/29 MP: 3/3
   875 | D:2      | Reached skill level 4 in Polearms
  1239 | D:2      | Reached XP level 4. HP: 35/35 MP: 4/4
  1686 | D:3      | Reached skill level 5 in Polearms
  1730 | D:3      | HP: 1/35 [gnoll (3)]
  1731 | D:3      | Mangled by a gnoll

Illustrated notes

Levels and vault maps discovered:
D:1:      nzn_arrival_water_spiral, layout_basic,
          nicolae_ecumenical_snake_handling, serial_shops,
          nicolae_shop_advertising_works [nicolae_subvault_shop_adworks]
D:2:      layout_basic, nicolae_wormholes
D:3:      kennysheep_the_goblin_king, layout_basic,
          gammafunk_temple_overflow_statue, minmay_distorted

Skill      XL: |  1  2  3  4 |
---------------+-------------+-----
Polearms       | 4 5 |  5.4
Shields        | 4 |  4.0
Fighting       | |  3.2
Armour         | |  2.1
Dodging        | |  0.2

Action                   |  1- 3 |  4- 6 || total
-------------------------+-------+-------++-------
Melee: Trident           |    97 |    32 ||   129
  Use: Potion            |       |     1 ||     1
Armor: Scale mail        |    24 |    13 ||    37
Dodge: Dodged            |    31 |    13 ||    44
Block: Buckler           |    14 |     6 ||    20
